 Dungeon Crawl Stone Soup version 0.28.0-53-g5a82cb258f (webtiles) character file.

Game seed: 4981024703947595105

1 fotan the Sneak (level 1, -1/10 HPs)
             Began as a Spriggan Brigand on Aug 8, 2022.
             Killed from afar by a dart slug (4 damage)
             ... with a slug dart
             ... on level 3 of the Dungeon.
             The game lasted 00:01:32 (92 turns).

fotan the Sneak (Spriggan Brigand)                    Turns: 92, Time: 00:01:33

Health: -1/10      AC:  3    Str:  7    XL:     1   Next: 16%
Magic:  2/2        EV: 16    Int: 12    God:
Gold:   0          SH:  0    Dex: 16    Spells: 0/0 levels left

rFire   . . .      SeeInvis +   a - +2 dagger
rCold   . . .      Faith    .   (no shield)
rNeg    . . .      Spirit   .   b - +0 robe
rPois   .          Reflect  .   (helmet restricted)
rElec   .          Harm     .   c - +0 cloak
rCorr   .          Rampage  .   (gloves unavailable)
Will    .....                   (boots unavailable)
Stlth   +++.......              (no amulet)
HPRegen 0.03/turn               (no ring)
MPRegen 0.08/turn               (no ring)

@: mighty, very quick
A: very small, no large weapons, unfitting armour, see invisible, speed 3
a: no special abilities


You were on level 3 of the Dungeon.
You visited 1 branch of the dungeon, and saw 3 of its levels.

Inventory:

Hand Weapons
 a - a +2 dagger (weapon)
Missiles
 d - 8 poisoned darts (quivered)
 e - 2 curare-tipped darts
Armour
 b - a +0 robe (worn)
 c - a +0 cloak (worn)
Scrolls
 h - 2 scrolls of identify
Potions
 f - a potion of lignification {unknown}


   Skills:
 + Level 1.5 Fighting
 + Level 2.1 Short Blades
 + Level 2.0 Throwing
 + Level 1.3 Dodging
 + Level 6.0 Stealth


You couldn't memorise any spells.
You didn't know any spells.
Your spell library was empty.

Dungeon Overview and Level Annotations

Branches:
Dungeon (3/15)

Altars:


Innate Abilities, Weirdness & Mutations

You are very small and have problems with some larger weapons.
You are too small for most types of armour.
You have supernaturally acute eyesight. (SInv)
You cover ground extremely quickly. (Speed+++)


Message History

There is a stone staircase leading down here.
You climb downwards.
Found 55 bolts, a sapphire potion, a fuming red potion and 12 gold pieces.
There is a stone staircase leading up here.
Found a stone staircase leading up.
You see here a sapphire potion.
A dart slug comes into view.
You see here a sapphire potion.
f - a sapphire potion The bat misses you.
The dart slug launches a dart at you. The slug dart misses you.
A dart slug comes into view.
You closely miss the bat. The bat hits you.
The dart slug launches a dart at you. The slug dart misses you.
You barely miss the bat. The bat misses you.
You hit the bat.
You kill the bat!
The dart slug launches a dart at you. The slug dart hits you.
Your Stealth skill increases to level 6!
The dart slug launches a dart at you. The slug dart misses you.
The dart slug launches a dart at you. The slug dart hits you.
* * * LOW HITPOINT WARNING * * *
You see here a fuming red potion.
You enter the shallow water.
Moving in this stuff is going to be slow.
The dart slug launches a dart at you. The slug dart misses you.
The dart slug launches a dart at you. The slug dart misses you.
The dart slug launches a dart at you.
The slug dart hits you but does no damage.
Found a scroll of identify.
Found a stone staircase leading down.
The dart slug launches a dart at you. The slug dart hits you.
You die...

.#≈≈#≈w...≈≈≈≈≈#.
##≈≈≈≈≈≈≈≈≈≈≈##?
##w≈≈≈≈≈≈≈.#..>
#..##≈#.≈w<...#
..# ###.....#.#
## #..#..#.#
##.#..# #.#..#
#@# .# #.# #..
####


You could see a dart slug.

Vanquished Creatures
  A bat (D:3)
1 creature vanquished.

Notes
Turn   | Place    | Note
-------+----------+-------------------------------------------
     0 | D:1      | fotan the Spriggan Brigand began the quest for the Orb.
     0 | D:1      | Reached XP level 1. HP: 10/10 MP: 2/2
    80 | D:3      | Reached skill level 6 in Stealth
    92 | D:3      | Killed from afar by a dart slug

Illustrated notes

Levels and vault maps discovered:
D:1:      dpeg_arrival_leaves_temple_mockup, layout_rooms, serial_curves,
          eino_curves_03, eino_curves_04, eino_curves_01, eino_curves_03
D:2:      layout_basic, chequers_ecumenical_altar_simple
D:3:      kennysheep_slugbush, layout_basic, mainiacjoe_overflow_catwalk,
          uniq_natasha

Skill      XL: |  1 |
---------------+----+-----
Stealth        | 6 |  6.0
Fighting       | |  1.5
Short Blades   | |  2.1
Throwing       | |  2.0
Dodging        | |  1.3

Action                   || total
-------------------------++-------
Melee: Dagger            ||     3
  Use: Scroll            ||     3
       Potion            ||     1
Armor: Robe              ||     1
Dodge: Dodged            ||     7
